 Dungeon Crawl Stone Soup version 0.20.1-1-g8b1a95d (webtiles) character file.

135 Goboxel the Charmwright (level 5, -2/41 HPs)
             Began as a Merfolk Skald on July 9, 2017.
             Slain by a gnoll sergeant
             ... wielding a +0 spear
              (10 damage)
             ... on level 4 of the Dungeon.
             The game lasted 00:07:43 (3743 turns).

Goboxel the Charmwright (Merfolk Skald)             Turns: 3743, Time: 00:07:43

Health: -2/41      AC:  9    Str: 12    XL:     5   Next: 18%
Magic:  5/9        EV: 13    Int: 12    God:
Gold:   158        SH:  0    Dex: 14    Spells: 4/9 levels left

rFire    . . .     SeeInvis .   a - +0 falchion
rCold    . . .     Gourm    .   (no shield)
rNeg     . . .     Faith    .   q - +0 leather armour {rPois}
rPois    +         Spirit   .   t - +0 helmet
rElec    .         Reflect  .   (no cloak)
rCorr    .         Harm     .   o - +0 pair of gloves
MR       .....                  (no boots)
Stlth    +.........             (no amulet)
Regen    0.2/turn               e - +4 ring of protection
MPRegen  0.2/turn               (no ring)

@: shrouded, infused
A: change form in water, swift swim, stealthy swim
a: no special abilities


You were on level 4 of the Dungeon.
You were not hungry.

You visited 1 branch of the dungeon, and saw 4 of its levels.

You collected 158 gold pieces.

Inventory:

Hand Weapons
 a - a +0 falchion (weapon)
Armour
 o - a +0 pair of gloves (worn)
 q - a +0 leather armour of poison resistance (worn)
 t - a +0 helmet (worn)
Jewellery
 e - a +4 ring of protection (left hand)
Scrolls
 f - 5 scrolls of remove curse {unknown}
 h - 6 scrolls of identify {unknown}
 m - 2 scrolls of noise {unknown}
 n - a scroll of fear {unknown}
 s - a scroll of blinking {unknown}
 u - a scroll of recharging {unknown}
 w - a scroll of amnesia {unknown}
 x - a scroll of fog {unknown}
Potions
 b - 2 potions of lignification {unknown}
 g - a potion of curing {unknown}
 k - a potion of brilliance {unknown}
 l - a potion of flight {unknown}
 p - 2 potions of might {unknown}
 r - 2 potions of magic {unknown}
Books
 c - a book of Battle

   Spells                             Type                      Level
   a - Infusion                       Charms                       1
   b - Shroud of Golubria             Charms/Translocation         2
   c - Song of Slaying                Charms                       2
   d - Spectral Weapon                Hexes/Charms                 3
   e - Regeneration                   Charms/Necromancy            3
Comestibles
 d - 6 bread rations
 i - 2 meat rations
 j - a royal jelly


   Skills:
 + Level 3.1 Fighting
 + Level 3.4 Long Blades
 - Level 0.6 Armour
 + Level 3.6 Dodging
 + Level 2.8 Spellcasting
 + Level 3.9 Charms


You had 4 spell levels left.
You knew the following spells:

 Your Spells              Type           Power        Failure   Level  Hunger
a - Infusion              Chrm           ##..         6%          1    #......
b - Song of Slaying       Chrm           ##......     10%         2    ###....
c - Shroud of Golubria    Chrm/Tloc      #.........   22%         2    ###....


Dungeon Overview and Level Annotations

Branches:
Dungeon (4/15)
 Temple: D:4-7

Altars:
Qazlal

Annotations:
D:3 Cral's ghost, amateur DsMo


Message History

Casting: Song of Slaying
Confirm with . or Enter, or press ? or * to list all spells.
Space distorts slightly along a thin shroud covering your body.
Casting: Shroud of Golubria
Confirm with . or Enter, or press ? or * to list all spells.
You begin infusing your attacks with magical energy.
The gnoll sergeant hits you but does no damage.
The gnoll sergeant hits you but does no damage.
The gnoll sergeant blocks your attack.
The gnoll sergeant hits you with a spear!
You closely miss the gnoll sergeant.
The gnoll sergeant hits you with a spear!
* * * LOW HITPOINT WARNING * * *
You hit the gnoll sergeant.
The gnoll sergeant is lightly wounded.
Your shroud bends the gnoll sergeant's attack away.
You closely miss the gnoll sergeant.
The gnoll sergeant is lightly wounded.
The gnoll sergeant hits you with a spear!
You die...

##########################
#........@gggggg..........
#.########################
#.# #.# #######'###
..........# .....[....#
..........# ..........#


You could see a gnoll sergeant and 5 gnolls.

Vanquished Creatures
  4 adders
  An ooze (D:3)
  3 worms
  3 dart slugs
  4 leopard geckos
  2 orcs (D:3)
  2 ball pythons
  8 bats
  2 giant cockroaches
  11 goblins
  7 hobgoblins
  10 kobolds
  A quokka (D:3)
  6 frilled lizards
  8 rats
72 creatures vanquished.

Vanquished Creatures (others)
  4 toadstools (D:1)
4 creatures vanquished.

Grand Total: 76 creatures vanquished

Notes
Turn   | Place    | Note
-------+----------+-------------------------------------------
     0 | D:1      | Goboxel the Merfolk Skald began the quest for the Orb.
     0 | D:1      | Reached XP level 1. HP: 16/16 MP: 3/3
   283 | D:1      | Reached XP level 2. HP: 15/22 MP: 0/5
   807 | D:1      | Reached XP level 3. HP: 28/28 MP: 6/6
  1004 | D:1      | Learned a level 2 spell: Song of Slaying
  1400 | D:2      | Learned a level 2 spell: Shroud of Golubria
  1436 | D:2      | Reached XP level 4. HP: 35/35 MP: 0/7
  2302 | D:3      | Noticed Cral's ghost (amateur DsMo)
  2790 | D:3      | Found a stormy altar of Qazlal.
  3253 | D:3      | Reached XP level 5. HP: 41/41 MP: 3/9
  3743 | D:4      | Slain by a gnoll sergeant

Skill      XL: |  1  2  3 |
---------------+----------+-----
Dodging        | 3 |  3.6
Fighting       | 3 |  3.1
Long Blades    | 3 |  3.4
Armour         | |  0.6
Spellcasting   | |  2.8
Charms         | |  3.9

Action                   |  1- 3 |  4- 6 || total
-------------------------+-------+-------++-------
Melee: Falchion          |   101 |   147 ||   248
 Cast: Infusion          |     7 |    10 ||    17
       Shroud of Golubri |       |     4 ||     4
       Song of Slaying   |       |     1 ||     1
 Stab: Sleeping          |     1 |       ||     1
  Eat: Chunk             |     2 |     8 ||    10
Armor: Leather armour    |    39 |    53 ||    92
Dodge: Dodged            |    67 |   114 ||   181
       Rpst.: Falchion   |    21 |    36 ||    57
